 Dungeon Crawl Stone Soup version 0.27-a0-836-gfc908b8576 (webtiles) character file.

Game seed: 5412776154945661605

175 rageheart7 the Insei (level 5, -2/36 HPs)
             Began as an Octopode Transmuter on Mar 31, 2021.
             Was a Believer of Uskayaw.
             Slain by Purgy (3 damage)
             ... in a sewer.
             The game lasted 00:06:57 (3790 turns).

rageheart7 the Insei (Octopode Transmuter)          Turns: 3790, Time: 00:06:59

Health: -2/36      AC:  1    Str: 13    XL:     5   Next: 55%
Magic:  8/8        EV: 12    Int: 15    God:    Uskayaw [**....]
Gold:   94         SH:  3    Dex: 12    Spells: 0/8 levels left

rFire    . . .     SeeInvis .     - Unarmed
rCold    . . .     Faith    .   f - +0 buckler
rNeg     . . .     Spirit   .   (helmet currently unavailable)
rPois    .         Reflect  .   (no amulet)
rElec    .         Harm     .   (no ring)
rCorr    .         Rampage  .   (no ring)
Will     +....     Rnd*Tele +   (no ring)
Stlth    ++........             (no ring)
HPRegen  0.12/turn              (no ring)
MPRegen  0.11/turn              (no ring)
                                (no ring)
                                (no ring)

@: appendages (expiring)
A: tentacle spike 3, almost no armour, amphibious, 8 rings, camouflage 1,
gelatinous body 1, (nimble swimmer 1), tentacles, strong-willed 1, strong 1,
teleportitis 1
a: End Transformation, Renounce Religion, Stomp, Line Pass


You were in a sewer.
You worshipped Uskayaw.
Uskayaw was noncommittal.
One of your tentacles had grown a beastly spike.
You visited 1 branch of the dungeon, and saw 4 of its levels.
You also visited: Sewer.

You collected 94 gold pieces.

Inventory:

Armour
 c - a +1 hat (melded)
 f - a +0 buckler (worn)
Wands
 i - a wand of random effects (12)
Scrolls
 d - a scroll of teleportation
 e - 2 scrolls of blinking {unknown}
Potions
 a - a potion of magic
 b - a potion of flight {unknown}
 h - a potion of curing {unknown}


   Skills:
 * Level 2.8 Fighting
 - Level 2.0 Dodging
 * Level 4.1 Unarmed Combat
 * Level 2.0 Spellcasting
 * Level 3.3 Transmutations
 * Level 2.0 Poison Magic


You couldn't memorise any spells.
You knew the following spells:

 Your Spells              Type           Power      Damage    Failure   Level
a - Beastly Appendage     Tmut           22%        N/A       10%         1
b - Spider Form           Tmut/Pois      4%         N/A       36%         3
c - Ice Form              Ice/Tmut       6%         N/A       88%         4

Your spell library contained the following spells:

 Spells                   Type           Power      Damage    Failure   Level
 Wereblood                Tmut           11%        N/A       14%         2
 Confusing Touch          Hex            1%         N/A       73%         3
 Gell's Gravitas          Tloc           0%         N/A       73%         3
 Petrify                  Tmut/Erth      6%         N/A       88%         4
 Hydra Form               Tmut           5%         N/A       95%         5
 Yara's Violent Unravell  Hex/Tmut       3%         3d4       99%         5
 Metabolic Englaciation   Hex/Ice        0%         N/A       100%        5


Dungeon Overview and Level Annotations

Branches:
Dungeon (4/15)              Sewer (1/1)
 Temple: D:4-7

Altars:
Kikubaaqudgha
Nemelex Xobeh
Qazlal
Trog
Uskayaw
Wu Jian
Xom

Annotations:
D:3 1 runed translucent door, Crazy Yiuf Sewer Purgy


Innate Abilities, Weirdness & Mutations

One of your tentacles has grown a beastly spike.
You cannot wear most types of armour.
You are amphibious.
You can wear up to eight rings at the same time.
Your skin changes colour to match your surroundings (Stealth+).
Your rubbery body absorbs attacks. (AC +1, EV +1)
((You are camouflaged near water. (Stealth+)))
You have tentacles for arms and can constrict up to eight enemies at once.
You are strong-willed. (Will+)
Your muscles are strong. (Str +2)
You are occasionally teleported next to monsters.


Message History

You tentacle-slap Purgy.
Purgy is lightly wounded.
Purgy pleads, "Don't hit me!"
Purgy closely misses you. Purgy claws you. Purgy closely misses you.
You tentacle-slap Purgy.
Purgy is lightly wounded.
Purgy bites you. You block Purgy's attack. Purgy barely misses you.
You barely miss Purgy. You squeeze Purgy!
Purgy is heavily wounded.
Purgy bites you. Purgy claws you. Purgy closely misses you.
You can now pass through a line of other dancers.
You barely miss Purgy.
You pierce Purgy.
Your squeeze misses Purgy.
Purgy is heavily wounded.
Purgy bites you!
* * * LOW HITPOINT WARNING * * *
You block Purgy's attack. Purgy misses you.
You tentacle-slap Purgy.
You pierce Purgy, but do no damage.
Your squeeze misses Purgy.
Purgy is heavily wounded.
Purgy bites you.
* * * LOW HITPOINT WARNING * * *
Purgy claws you.
* * * LOW HITPOINT WARNING * * *
Purgy claws you.
* * * LOW HITPOINT WARNING * * *
Unknown command.
Aiming: Random Effects
Press: ? - help, Shift-Dir - straight line, f/p - Purgy
Aim: Purgy (heavily wounded) Purgy twists and deforms.
Purgy closely misses you. Purgy misses you. Purgy claws you.
* * * LOW HITPOINT WARNING * * *
Unknown command.
Aiming: Random Effects
Press: ? - help, Shift-Dir - straight line, f/p - Purgy
Aim: Purgy (heavily wounded, misshapen and mutated) Purgy flickers and vanishes!
Deactivating autopickup; reactivate with Ctrl-A.
Something bites you.
You die...

############ #.##.##.##)#
#.##.##†##.#
+##+##+##'##'##'##'#
...................#######
≈≈≈≈≈≈≈≈≈.≈≈≈≈≈≈≈≈≈#≈≈≈≈≈≈
≈≈≈≈≈≈≈≈≈∩≈≈≈≈≈≈≈≈≈#≈≈≈≈≈≈
≈≈≈≈≈≈≈≈≈.≈≈≈≈≈≈≈≈≈#≈≈≈≈≈≈
........{@.........#######
+##+##'##.##'##'##'# #.
#.##)##.##.# #?
#∩##.##.##[# ##
############


There were no monsters in sight!

Vanquished Creatures
  An orc priest (D:3)
  A hound skeleton (D:4)
  5 adders
  An adder zombie (D:4)
  3 dart slugs
  8 orcs
  An endoplasm (D:4)
  6 giant cockroaches
  3 goblins
  2 hobgoblins
  8 jackals
  3 quokkas (D:1)
  7 ball pythons
  10 bats
  3 frilled lizards (D:1)
  7 kobolds
  4 rats
73 creatures vanquished.

Notes
Turn   | Place    | Note
-------+----------+-------------------------------------------
     0 | D:1      | rageheart7 the Octopode Transmuter began the quest for the
                  | Orb.
     0 | D:1      | Reached XP level 1. HP: 13/13 MP: 3/3
   220 | D:1      | Reached XP level 2. HP: 18/18 MP: 5/5
   654 | D:1      | Reached XP level 3. HP: 19/24 MP: 6/6
  1679 | D:2      | Found a stormy altar of Qazlal.
  1841 | D:2      | Learned a level 3 spell: Spider Form
  1911 | D:2      | Found a bloodstained altar of Trog.
  2068 | D:2      | Reached XP level 4. HP: 29/29 MP: 5/7
  2098 | D:2      | Noticed an ice beast
  2669 | D:3      | Gained mutation: You are strong-willed. (Will+) [potion of
                  | mutation]
  2669 | D:3      | Gained mutation: You are occasionally teleported next to
                  | monsters. [potion of mutation]
  2669 | D:3      | Gained mutation: Your muscles are strong. (Str +2) [potion
                  | of mutation]
  2680 | D:3      | Reached skill level 1 in Poison Magic
  2865 | D:3      | Reached XP level 5. HP: 30/35 MP: 6/8
  2971 | D:3      | Found a hide-covered altar of Uskayaw.
  3003 | D:3      | Became a worshipper of Uskayaw the Reveller
  3265 | D:3      | Found a runed translucent door.
  3266 | D:3      | Noticed Crazy Yiuf
  3336 | D:3      | Found a faded altar of an unknown god.
  3336 | D:3      | Found a sparkling altar of Nemelex Xobeh.
  3351 | D:3      | Found an ornate altar of the Wu Jian Council.
  3353 | D:3      | Found a shimmering altar of Xom.
  3354 | D:3      | Found an ancient bone altar of Kikubaaqudgha.
  3358 | D:3      | Reached * piety under Uskayaw
  3473 | D:4      | Found a glowing drain.
  3483 | D:4      | Reached ** piety under Uskayaw
  3486 | D:4      | Reached skill level 4 in Unarmed Combat
  3531 | D:4      | Reached *** piety under Uskayaw
  3538 | Sewer    | Entered a sewer
  3773 | Sewer    | Learned a level 4 spell: Ice Form
  3780 | Sewer    | Noticed Purgy
  3789 | Sewer    | HP: 1/36 [Purgy (2)]
  3790 | Sewer    | Slain by Purgy

Illustrated notes

Levels and vault maps discovered:
D:1:      sevenhm_arrival_forest_fort_small_6, layout_basic, minmay_hexomino_f4
D:2:      layout_loops_ring, old_standard_altar, nicolae_overflow_crystal_walls
D:3:      layout_basic, chequers_temple_overflow_minitemple,
          overflow_temple_1_default, kennysheep_generic_room_15,
          uniq_crazy_yiuf_cottage
D:4:      layout_cave_pods, nicolae_yredelemnul_ghost_church, serial_undead,
          serial_undead_a, serial_undead_c, serial_undead_a, serial_undead_b,
          serial_undead_d, serial_undead_f, gup_sewer_entry_glass,
          minmay_pentomino_pile
Sewer:    kennysheep_door_sewer

Skill      XL: |  1  2  3  4  5 |
---------------+----------------+-----
Fighting       | 2 |  2.8
Transmutations | 3 |  3.3
Poison Magic   | 1 2 |  2.0
Unarmed Combat | 4 |  4.1
Dodging        | |  2.0
Spellcasting   | |  2.0

Action                   |  1- 3 |  4- 6 || total
-------------------------+-------+-------++-------
Melee: Unarmed           |    83 |    73 ||   156
       Constrict         |    28 |    21 ||    49
       Kick              |    20 |    27 ||    47
       Tentacles         |    11 |    10 ||    21
       Punch             |     1 |     3 ||     4
 Cast: Beastly Appendage |    21 |    18 ||    39
Evoke: Wand              |       |     2 ||     2
  Use: Potion            |       |     4 ||     4
       Scroll            |       |     4 ||     4
 Stab: Sleeping          |     7 |     4 ||    11
       Invisible         |       |     1 ||     1
       Paralysed         |       |     1 ||     1
Armor: Skin              |     8 |     4 ||    12
Dodge: Dodged            |    60 |    48 ||   108
Block: Buckler           |       |    10 ||    10

Table legend: (Time is in decaauts)
 A = Elapsed time spent in this place.
 B = Non-inter-level travel time spent in this place.
 C = Inter-level travel time spent in this place.
 D = Time resting spent in this place.
 E = Time spent auto-exploring this place.
 F = Levels seen in this place.
 G = Mean time per level.
                   A        B        C        D        E       F      G
               +--------+--------+--------+--------+--------+-----+--------+
         Total |   3783 |   3686 |     97 |    125 |   2981 |   5 |  756.6 |
       Dungeon |   3531 |   3434 |     97 |    119 |   2778 |   4 |  882.8 |
         Sewer |    252 |    252 |      0 |      6 |    203 |   1 |  252.0 |
               +--------+--------+--------+--------+--------+-----+--------+

Top non-repeatable levels by time:
     D:1: 1656 daAuts
     D:3: 1105 daAuts
     D:2: 697 daAuts
   Sewer: 252 daAuts
     D:4: 71 daAuts
